 Dungeon Crawl Stone Soup version 0.31-a0-1549-g5ff9445e89 (webtiles) character file.

Game seed: 5949881730013303495

231 Fodor the Covered (level 5, -2/47 HPs)
             Began as a Minotaur Fighter on Jan 2, 2024.
             Slain by Duvessa
             ... wielding a +0 short sword
              (15 damage)
             ... on level 4 of the Dungeon.
             The game lasted 00:11:06 (2732 turns).

Fodor the Covered (Minotaur Fighter)                Turns: 2732, Time: 00:11:07

Health: -2/47      AC: 11    Str: 29    XL:     5   Next: 72%
Magic:  4/4        EV: 14    Int:  5    God:
Gold:   168        SH:  4    Dex:  9    Spells: 4/4 levels left

rFire   . . .        a - +0 war axe
rCold   . . .        c - +0 buckler
rNeg    . . .        g - +0 chain mail
rPois   .            (helmet restricted)
rElec   .            (no cloak)
rCorr   .            l - +0 pair of gloves
SInv    .            (no boots)
Will    .....        (no amulet) Stlth
                     q - +5 ring of evasion
HPRegen 0.27/turn    r - +6 ring of strength
MPRegen 0.09/turn

%: no passive effects
@: no status effects
A: horns 2, retaliatory headbutt
a: no special abilities


You were on level 4 of the Dungeon.
You visited 1 branch of the dungeon, and saw 4 of its levels.

You collected 168 gold pieces.

Inventory:

Hand Weapons
 a - a +0 war axe (weapon)
Armour
 c - a +0 buckler (worn)
 g - a +0 chain mail (worn)
 l - a +0 pair of gloves (worn)
Jewellery
 q - a +5 ring of evasion (left hand)
 r - a +6 ring of strength (right hand)
Wands
 m - a wand of digging (6)
Scrolls
 b - a scroll of silence {unknown}
 i - 6 scrolls of teleportation {unknown}
 j - a scroll of fog {unknown}
 p - a scroll of immolation {unknown}
Potions
 d - a potion of might
 e - 2 potions of magic {unknown}
 f - a potion of attraction {unknown}
 h - a potion of haste {unknown}
 k - a potion of ambrosia {unknown}
 n - a potion of curing {unknown}
 o - 2 potions of heal wounds {unknown}
 s - a potion of degeneration {unknown}


   Skills:
 + Level 4.7 Fighting
 + Level 4.5 Axes
 + Level 5.3 Armour
 + Level 0.9 Dodging
 + Level 4.3 Shields


You had 4 spell levels left.
You didn't know any spells.
Your spell library contained the following spells:

 Spells                   Type           Power      Damage    Failure   Level
 Sublimation of Blood     Necr           0%         N/A       98%         2
 Petrify                  Alch/Erth      0%         N/A       100%        4
 Irradiate                Conj/Alch      0%         3d11      100%        5


Dungeon Overview and Level Annotations

Branches:
Dungeon (4/15)
 Temple: D:4-7

Altars:

Shops:
D:3 [

Annotations:
D:4 Duvessa


Innate Abilities, Weirdness & Mutations

You have a pair of horns on your head.
You reflexively headbutt those who attack you in melee.


Message History

Duvessa says, "Where magic fails, the sword succeeds!"
Duvessa hits you with a +0 short sword!
You hit Duvessa.
Duvessa is lightly wounded.
Dowan gestures at Duvessa while chanting.
Duvessa seems to speed up.
Duvessa hits you but does no damage.
You slash Duvessa! Your headbutt misses Duvessa.
Duvessa is heavily wounded.
Duvessa hits you with a +0 short sword!
Duvessa hits you with a +0 short sword. x2
You closely miss Duvessa.
Duvessa is heavily wounded.
You slash Dowan! Duvessa hits you but does no damage.
Dowan points at you and mumbles some strange words.
The puff of flame hits you but does no damage.
You barely miss Duvessa.
Duvessa is heavily wounded.
You slash Dowan! Duvessa hits you with a +0 short sword.
Dowan closely misses you. You furiously retaliate!
You headbutt Dowan!
You kill Dowan!
Duvessa screams, "No!
How DARE you!"
Duvessa goes berserk!
You block Duvessa's attack.
You hit Duvessa.
Duvessa is heavily wounded.
Duvessa hits you but does no damage. You block Duvessa's attack.
You closely miss Duvessa. Your headbutt misses Duvessa.
Duvessa is heavily wounded.
Duvessa hits you but does no damage. Duvessa closely misses you.
You closely miss Duvessa.
Duvessa is heavily wounded.
Duvessa hits you with a +0 short sword. You block Duvessa's attack.
You hit Duvessa but do no damage. Your headbutt misses Duvessa.
Duvessa is heavily wounded.
Duvessa closely misses you. You furiously retaliate!
You headbutt Duvessa. Duvessa hits you but does no damage.
You hit Duvessa.
Duvessa is severely wounded.
Duvessa hits you with a +0 short sword!
* * * LOW HITPOINT WARNING * * *
Duvessa hits you with a +0 short sword!
You die...

#....#
######....#
#.........#
#.....#####
#...<.#
#.....#
#.....#
#.....#
#...@.#
#..e).#
#.....#
#.....#
#.....#
#.....#
#.....#
#.....#


You could see Duvessa (berserk, fast).

Vanquished Creatures
  Dowan (D:4)
  3 hounds
  An iguana (D:4)
  An adder (D:4)
  A white imp (D:4)
  A dart slug (D:1)
  5 orcs
  4 endoplasms
  4 giant cockroaches
  4 goblins
  A hobgoblin (D:1)
  2 jackals (D:1)
  8 kobolds
  2 quokkas (D:3)
  5 ball pythons
  3 bats (D:1)
  3 frilled lizards
  A rat (D:2)
50 creatures vanquished.

Notes
Turn   | Place    | Note
-------+----------+-------------------------------------------
     0 | D:1      | Fodor the Minotaur Fighter began the quest for the Orb.
     0 | D:1      | Reached XP level 1. HP: 19/19 MP: 0/0
   134 | D:1      | Reached XP level 2. HP: 27/27 MP: 1/1
   585 | D:1      | Found a faded altar of an unknown god.
   688 | D:1      | Reached skill level 4 in Armour
  1256 | D:2      | Reached XP level 3. HP: 31/33 MP: 2/2
  1748 | D:3      | Reached XP level 4. HP: 41/41 MP: 3/3
  2037 | D:3      | Found Tinachu's Armour Shoppe.
  2627 | D:4      | Reached skill level 5 in Armour
  2627 | D:4      | Reached XP level 5. HP: 47/47 MP: 4/4
  2720 | D:4      | Noticed Duvessa
  2721 | D:4      | Noticed Dowan
  2727 | D:4      | Killed Dowan
  2732 | D:4      | Slain by Duvessa

Illustrated notes

Levels and vault maps discovered:
D:1:      psy_arrival_terrarium, layout_basic,
          shapermc_ecumenical_altar_mp_highgroup
D:2:      layout_rooms
D:3:      layout_basic, serial_shops, nicolae_lakefront_shop,
          grunt_ministairs_14, amcnicky_mini_pool_small
D:4:      layout_gridville, kennysheep_mini_moat, uniq_ijyb, uniq_duvessa,
          uniq_sigmund

Skill      XL: |  1  2  3  4 |
---------------+-------------+-----
Fighting       | 4 |  4.7
Armour         | 4 5 |  5.3
Axes           | 3 4 |  4.5
Shields        | 4 |  4.3
Dodging        | |  0.9

Action                     |  1- 3 |  4- 6 || total
---------------------------+-------+-------++-------
  Melee: War axe           |    94 |    34 ||   128
         Headbutt          |    11 |     3 ||    14
 Armour: Scale mail        |    29 |       ||    29
         Chain mail        |    38 |    30 ||    68
  Dodge: Dodged            |    48 |    25 ||    73
  Block: Buckler           |    25 |     7 ||    32

Table legend: (Time is in decaauts)
 A = Elapsed time spent in this place.
 B = Non-inter-level travel time spent in this place.
 C = Inter-level travel time spent in this place.
 D = Time resting spent in this place.
 E = Time spent auto-exploring this place.
 F = Levels seen in this place.
 G = Mean time per level.
                   A        B        C        D        E       F      G
               +--------+--------+--------+--------+--------+-----+--------+
         Total |   2779 |   2750 |     29 |    200 |      0 |   4 |  694.8 |
       Dungeon |   2779 |   2750 |     29 |    200 |      0 |   4 |  694.8 |
               +--------+--------+--------+--------+--------+-----+--------+

Top non-repeatable levels by time:
     D:1: 924 daAuts
     D:3: 735 daAuts
     D:2: 599 daAuts
     D:4: 520 daAuts
